 Dungeon Crawl Stone Soup version 0.32-a0-42-ga30500b4d3 (webtiles) character file.

Game seed: 10561333993633348904

77 grandjackal the Slasher (level 4, -2/35 HPs)
             Began as a Demonspawn Gladiator on Jan 29, 2024.
             Slain by an orc priest
             ... wielding a +0 flail
              (4 damage)
             ... on level 3 of the Dungeon.
             The game lasted 00:01:43 (1569 turns).

grandjackal the Slasher (Demonspawn Gladiator)      Turns: 1569, Time: 00:01:43

Health: -2/35      AC:  4    Str: 14    XL:     4   Next: 13%
Magic:  4/4        EV: 12    Int:  9    God:
Gold:   92         SH:  0    Dex: 16    Spells: 3/3 levels left

rFire   . . .        a - +0 long sword
rCold   . . .        g - orb {*Rage}
rNeg    . . .        b - +0 leather armour
rPois   .            c - +0 helmet
rElec   .            (no cloak)
rCorr   .            (no gloves)
SInv    .            (no boots)
Will    .....        (no amulet)
Stlth   +            (no ring)
HPRegen 0.25/turn    (no ring)
MPRegen 0.09/turn

%: random rage (20%)
@: no status effects
A: claws 1, spiny 2
a: no special abilities


You were on level 3 of the Dungeon.
You visited 1 branch of the dungeon, and saw 3 of its levels.

You collected 92 gold pieces.

Inventory:

Hand Weapons
 a - a +0 long sword (weapon)
Missiles
 d - 3 throwing nets (quivered)
 e - a javelin
Armour
 b - a +0 leather armour (worn)
 c - a +0 helmet (worn)
 g - an orb of wrath (worn)
 l - a +0 buckler
Scrolls
 f - 3 scrolls of identify {unknown}
 h - a scroll of blinking {unknown}
 j - a scroll of brand weapon {unknown}
Potions
 i - a potion of ambrosia {unknown}
 k - a potion of haste {unknown}
 m - a potion of might {unknown}


   Skills:
 + Level 3.2 Fighting
 + Level 3.5 Long Blades
 - Level 2.0 Throwing
 - Level 3.0 Dodging


You had 3 spell levels left.
You didn't know any spells.
Your spell library contained the following spells:

 Spells                   Type           Power      Damage    Failure   Level
 Cigotuvi's Dreadful Rot  Necr/Alch/Air  0%         N/A       61%         2
 Ensorcelled Hibernation  Hex/Ice        0%         N/A       61%         2
 Fugue of the Fallen      Necr           0%         N/A       83%         3
 Anguish                  Hex/Necr       0%         N/A       99%         4
 Ignite Poison            Fire/Alch      0%         N/A       99%         4
 Freezing Cloud           Conj/Ice/Air   0%         6-21      100%        5


Dungeon Overview and Level Annotations

Branches:
Dungeon (2/15)

Altars:

Shops:
D:2 ?


Innate Abilities, Weirdness & Mutations

You have sharp fingernails.
You are mostly covered in sharp spines.


Message History

You bump into the rock wall.
Something hits you.
The orc priest calls down the wrath of Beogh upon you.
You hit something but do no damage. Something hits you. The orc misses you.
You barely miss the orc. Something hits you.
The orc hits you with a +0 short sword of protection.
You hit the orc but do no damage. Something hits you but does no damage.
The orc is struck by your spines.
The orc hits you with a +0 short sword of protection.
The orc priest invokes the aid of Beogh against you.
Beogh smites you!
Reactivating autopickup.
You feel a bit more experienced. The orc closely misses you.
Your Fighting skill increases to level 3!
You have reached level 4!
You feel clever.
Your demonic ancestry asserts itself...
Your fingernails lengthen.
You bump into the rock wall.
The orc priest closely misses you. The orc misses you.
You bump into the rock wall.
You feel less confused.
The orc hits you with a +0 short sword of protection.
The orc priest is struck by your spines.
The orc priest misses you.
You barely miss the orc priest.
The orc priest is lightly wounded.
The orc priest hits you with a +0 flail.
* * * LOW HITPOINT WARNING * * *
The orc is struck by your spines. The orc barely misses you.
You closely miss the orc priest.
The orc priest is lightly wounded.
The orc is struck by your spines.
You kill the orc!
The orc priest is struck by your spines.
The orc priest hits you with a +0 flail!
* * * LOW HITPOINT WARNING * * *
You closely miss the orc priest.
The orc priest is moderately wounded.
The orc priest is struck by your spines.
The orc priest hits you with a +0 flail.
You die...

#####
### ....
###...
..g
#.... .o
.).. ##.
..#
#..###)#
#go@.#
#)####
##.###.#
#......#
#..#####
... .


You could see an orc priest and a goblin.

Vanquished Creatures
  An orc wizard (D:3)
  2 dart slugs (D:1)
  A ribbon worm (D:2)
  3 orcs (D:3)
  6 ball pythons (D:1)
  2 bats
  4 endoplasms
  2 giant cockroaches
  5 goblins
  2 hobgoblins (D:1)
  A quokka (D:1)
  8 frilled lizards
  A kobold (D:1)
  5 rats (D:1)
43 creatures vanquished.

Notes
Turn   | Place    | Note
-------+----------+-------------------------------------------
     0 | D:1      | grandjackal the Demonspawn Gladiator began the quest for
                  | the Orb.
     0 | D:1      | Reached XP level 1. HP: 16/16 MP: 1/1
    66 | D:1      | Gained mutation: You are partially covered in sharp spines.
                  | [demonic ancestry]
    66 | D:1      | Reached XP level 2. HP: 22/22 MP: 2/2
   763 | D:1      | Gained mutation: You are mostly covered in sharp spines.
                  | [demonic ancestry]
   763 | D:1      | Reached XP level 3. HP: 28/28 MP: 3/3
  1288 | D:2      | Found Wooc's Magic Scroll Emporium.
  1546 | D:2      | You fall into a shaft and drop 1 floor!
  1565 | D:3      | Gained mutation: You have sharp fingernails. [demonic
                  | ancestry]
  1565 | D:3      | Reached XP level 4. HP: 12/35 MP: 4/4
  1569 | D:3      | Slain by an orc priest

Illustrated notes

Levels and vault maps discovered:
D:1:      reono_arrival_forest_river, layout_basic, grunt_decor_fettered,
          hangedman_abyss_or_decor_stabs, st_stairs_6, patterned_corridor
D:2:      layout_basic, serial_shops, shop, minmay_tetromino_i4,
          uniq_crazy_yiuf_cottage
D:3:      layout_rooms, nicolae_overflow_guarded_unrand_okawaru_victory,
          gammafunk_ghost_mausoleum, nicolae_elevator_lobby_asterisk,
          uniq_natasha

Skill      XL: |  1  2  3 |
---------------+----------+-----
Throwing       | 2 |  2.0
Long Blades    | 3 |  3.5
Dodging        | 3 |  3.0
Fighting       | 3 |  3.2

Action                     |  1- 3 |  4- 6 || total
---------------------------+-------+-------++-------
  Melee: Long sword        |    71 |     3 ||    74
 Armour: Leather armour    |    29 |     4 ||    33
  Dodge: Dodged            |    39 |     4 ||    43

Table legend: (Time is in decaauts)
 A = Elapsed time spent in this place.
 B = Non-inter-level travel time spent in this place.
 C = Inter-level travel time spent in this place.
 D = Time resting spent in this place.
 E = Time spent auto-exploring this place.
 F = Levels seen in this place.
 G = Mean time per level.
                   A        B        C        D        E       F      G
               +--------+--------+--------+--------+--------+-----+--------+
         Total |   1706 |   1692 |     14 |    407 |    985 |   3 |  568.7 |
       Dungeon |   1706 |   1692 |     14 |    407 |    985 |   3 |  568.7 |
               +--------+--------+--------+--------+--------+-----+--------+

Top non-repeatable levels by time:
     D:1: 1395 daAuts
     D:2: 285 daAuts
     D:3: 25 daAuts
